 Dungeon Crawl Stone Soup version 0.26-a0-651-gb41185065b (webtiles) character file.

Game seed: 6548305490786152433

6671 Ozzies the Fighter (level 10, -9/96 HPs)
             Began as a Minotaur Fighter on Oct 13, 2020.
             Was an Elder of Okawaru.
             Killed from afar by a hell hound (14 damage)
             ... with a blast of flame
             ... led by Azrael
             ... on level 13 of the Dungeon.
             The game lasted 00:11:49 (9293 turns).

Ozzies the Fighter (Minotaur Fighter)               Turns: 9293, Time: 00:11:49

Health: -9/96      AC: 18    Str: 25    XL:     10   Next: 73%
Magic:  0/12       EV:  6    Int:  5    God:    Okawaru [****..]
Gold:   572        SH: 24    Dex:  9    Spells: 9/9 levels left

rFire    . . .     SeeInvis .   s - +1 hand axe (elec)
rCold    . . .     Faith    .   I - +0 tower shield
rNeg     . . .     Spirit   +   C - +0 plate armour
rPois    +         Reflect  .   g - +1 hat {MR+}
rElec    .         Harm     .   u - +0 cloak
rCorr    +         Rampage  .   j - +0 pair of gloves
MR       +....                  L - +0 pair of boots
Stlth    ..........             O - brooch of Shielding {Spirit SH+8}
HPRegen  0.26/turn              o - ring of resist corrosion
MPRegen  0.13/turn              F - ring of poison resistance

@: no status effects
A: retaliatory headbutt, horns 2
a: Heroism, Renounce Religion


You were on level 13 of the Dungeon.
You worshipped Okawaru.
Okawaru was greatly pleased with you.
You visited 2 branches of the dungeon, and saw 12 of its levels.

You collected 572 gold pieces.

Inventory:

Hand Weapons
 l - a +4 spear of freezing
 s - a +1 hand axe of electrocution (weapon)
 w - a +4 flail of protection
Missiles
 f - a throwing net (quivered) {!f}
Armour
 g - a +1 hat of magic resistance (worn)
 j - a +0 pair of gloves (worn)
 u - a +0 cloak (worn)
 C - a +0 plate armour (worn)
 I - a +0 tower shield (worn)
 L - a +0 pair of boots (worn)
Jewellery
 m - an uncursed amulet of reflection
 o - a ring of resist corrosion (left hand)
 F - a ring of poison resistance (right hand)
 O - the brooch of Shielding (around neck) {Spirit SH+8}
   (You found it on level 10 of the Dungeon)

   [amulet of guardian spirit]

   It causes incoming damage to be split between your health and magic.
   It affects your SH (+8).
Wands
 c - a wand of polymorph (11)
 e - a wand of disintegration (13)
 r - a wand of iceblast (9)
 z - a wand of paralysis (12)
 B - a wand of digging (7)
Scrolls
 h - 2 scrolls of enchant armour
 k - 4 scrolls of teleportation {@r3 !r}
 p - a scroll of blinking {@r4}
 t - 2 scrolls of remove curse {@r2}
 x - a scroll of amnesia {unknown}
 y - 2 scrolls of enchant weapon
 A - 2 scrolls of noise {unknown}
 D - 2 scrolls of fog
 G - a scroll of magic mapping
 K - a scroll of immolation {unknown}
 M - a scroll of random uselessness {unknown}
 N - a scroll of identify {@r1}
Potions
 a - 2 potions of degeneration {unknown}
 b - 5 potions of brilliance
 d - a potion of might {@q3 !q}
 i - 3 potions of curing
 n - a potion of lignification {unknown}
 q - a potion of cancellation {unknown}
 v - 2 potions of heal wounds {unknown}
 E - a potion of ambrosia {unknown}
 H - a potion of flight {unknown}
 J - a potion of haste {unknown}


   Skills:
 * Level 11.5 Fighting
 * Level 10.2 Axes
 + Level 7.6 Armour
 + Level 5.9 Dodging
 + Level 7.5 Shields
 + Level 4.6 Invocations


You had 9 spell levels left.
You didn't know any spells.
Your spell library contained the following spells:

 Spells                   Type           Power        Failure   Level
 Animate Skeleton         Necr           #.....       100%        1
 Corona                   Hex            #......      100%        1
 Foxfire                  Conj/Fire      #...         100%        1
 Pain                     Necr           #...         100%        1
 Ensorcelled Hibernation  Hex/Ice        #.....       100%        2
 Confusing Touch          Hex            #.......     100%        3
 Conjure Flame            Conj/Fire      #.......     100%        3
 Dazzling Flash           Conj/Hex       #.....       100%        3
 Inner Flame              Hex/Fire       #.......     100%        3
 Tukima's Dance           Hex            #.......     100%        3
 Vampiric Draining        Necr           #.........   100%        3
 Animate Dead             Necr           #.........   100%        4
 Sticky Flame             Conj/Fire      #.......     100%        4
 Agony                    Necr           #.......     100%        5
 Fireball                 Conj/Fire      #.........   100%        5


Dungeon Overview and Level Annotations

Branches:
Dungeon (10/15)            Temple (1/1) D:4            Lair (0/6) D:9
    Orc (0/2) D:10

Altars:
Ashenzari
Cheibriados
Dithmenos
Elyvilon
Fedhas
Gozag
Hepliaklqana
Kikubaaqudgha
Makhleb
Nemelex Xobeh
Okawaru
Qazlal
Ru
Sif Muna
Trog
Uskayaw
Vehumet
Wu Jian
Xom
Yredelemnul
Zin
The Shining One
Lugonu

Annotations:
D:10 Sonja
D:13 Azrael


Innate Abilities, Weirdness & Mutations

You reflexively headbutt those who attack you in melee.
You have a pair of horns on your head.


Message History

Sonja throws a curare-tipped dart.
You block the curare-tipped dart.
The orc priest begins to cast a cantrip, but forgets the words!
The orc priest calls down the wrath of Beogh upon you.
Beogh smites you!
A skeletal warrior comes into view. It is wielding a +0 hand axe.
You block the orc priest's attack.
You slash the orc priest!
The orc priest is severely wounded.
You block the orc priest's attack.
You hit the orc priest.
Lightning courses through the orc priest!!
You kill the orc priest!
Okawaru accepts your kill.
Sonja plants her feet in a plie.
Sonja throws a curare-tipped dart.
You block the curare-tipped dart.
You block Sonja's attack. x2; Sonja barely misses you.
A skeletal warrior comes into view. It is wielding a +0 war axe.
Sonja hits you but does no damage.
You blink.
The gargoyle closely misses you.
You fall into a shaft and drop 3 floors!
The shaft crumbles and collapses.
A hell hound comes into view.
The hell hound barks!
A two-headed ogre comes into view. It is wielding two +0 giant clubs.
The two-headed ogre shouts in stereo!
You hear an angry hiss.
Found a scroll labeled ENO KOMOEMIT.
Found a stone staircase leading down.
A fire elemental and a howler monkey come into view.
Okay, then.
You gain the combat prowess of a mighty hero.
The howler monkey hoots and howls with incredible vigour!
You hear a bark!
You hear a screech! 2 hell hounds, a fire elemental and Azrael come into view.
Azrael is wielding a +2 scimitar of flaming.
The hell hound barks! x2
A fire elemental comes into view.
You block the howler monkey's attack.
As you read the scroll of magic mapping, it crumbles to dust.
You feel aware of your surroundings.
You sensed 1 shop/portal.
You block the howler monkey's attack.
An iguana comes into view.
You block the hell hound's attack. You block the howler monkey's attack.
Found a short sword.
The hell hound breathes flames at you.
The blast of flame hits the fire elemental.
The fire elemental completely resists.
The blast of flame hits you!! You block the howler monkey's attack.
The fire elemental barely misses you. You block the hell hound's attack.
You block the howler monkey's attack. You block the fire elemental's attack.
The hell hound bites you. You block the hell hound's attack.
You see here a scroll labeled ENO KOMOEMIT.
You block the hell hound's attack. x2; The hell hound barely misses you.
You furiously retaliate!
You headbutt the hell hound, but do no damage.
The hell hound breathes flames at you. The blast of flame hits you!
The fire elemental closely misses you. You block the hell hound's attack. x2
You block the fire elemental's attack. The hell hound breathes flames at you.
The blast of flame misses the hell hound.
The blast of flame hits the hell hound.
The hell hound completely resists.
The blast of flame hits you but does no damage.
The two-headed ogre is engulfed in blazing flames.
Azrael gestures at you.
The sticky flame hits you but does no damage.
You are covered in liquid flames!
You are covered in liquid flames!
You block the hell hound's attack. Azrael gestures at you.
The bolt of fire hits the hell hound.
The hell hound completely resists.
The bolt of fire hits you!!
You are covered in liquid flames!
* * * LOW HITPOINT WARNING * * *
The hell hound breathes flames at you. The blast of flame hits you.
* * * LOW HITPOINT WARNING * * *
The fire elemental hits you. The fire elemental burns you!
* * * LOW HITPOINT WARNING * * *
You block the hell hound's attack.
You are covered in liquid flames!
* * * LOW HITPOINT WARNING * * *
You are covered in liquid flames!
* * * LOW HITPOINT WARNING * * *
You block the hell hound's attack. The hell hound breathes flames at you.
The blast of flame hits you but does no damage.
You feel like a meek peon again. The hell hound breathes flames at you.
The blast of flame hits the hell hound.
The hell hound completely resists.
The blast of flame hits you!
* * * LOW HITPOINT WARNING * * *
The hell hound breathes flames at you.
The blast of flame hits the hell hound.
The hell hound completely resists.
The blast of flame hits you!
* * * LOW HITPOINT WARNING * * *
Press: ? - help, Dir - move target cursor
As you read the scroll of blinking {@r4}, it crumbles to dust.
Found a stone staircase leading up.
The hell hound breathes flames at you.
The blast of flame hits the hell hound.
The hell hound completely resists.
The blast of flame hits you!
You die...

*,,,,,*,,,,*,#+#################
*,,,,,*,,,,*,#............hh☼.°.
*,,,,,*,,,,*,#.....h#+#+###ER°O.
*,,,,,*,,,,*,#.....h#,,,,,#E○...
*,,,,,*,,,,*,#......#,,,^,#.☼..l
*,,,,,+,****,#...h..#,,,,,#.....
**,,,,,***,,,,#......###***#..>..
,,,,,,,,,,,,,,#.........,,...)...
,,,,,,,,,,,,,,#.@.......,,.......
*******,,,,,,,#..........,,,,,,,,
*,,,,,,,#......####,,,,,,,,
*,,,,,,,#......+,,*********
*,,,,,,,#......#,,,,,,,,,,,
*,,,,,,,########,,,,,,,,,,,
*,,,,,,,,,,,,,,,,,,,,,,,,,,
**,,,,,,,,,,,,,,,********,,,
*,,,,,,,****,,,,,* ***,


You could see 3 hell hounds.

Vanquished Creatures
  Gastronok (D:9)
  Maurice (D:8)
  A kobold demonologist (D:8)
  Grinder (D:4)
  3 hippogriffs
  Sigmund (D:6)
  A water moccasin (D:7)
  Edmund (D:4)
  2 ice beasts
  4 orc warriors
  A sky beast (D:5)
  A black bear (D:9)
  3 centaurs
  3 ogres
  A big kobold (D:9)
  3 bullfrogs
  A gnoll sergeant (D:8)
  3 scorpions
  8 wights
  A howler monkey (D:4)
  8 hounds
  A jelly (D:10)
  8 orc priests
  Crazy Yiuf (D:3)
  A centaur skeleton (D:9)
  A bullfrog skeleton (D:6)
  3 iguanas
  5 orc wizards
  2 worker ants
  2 hound skeletons
  2 worker ant zombies
  10 gnolls
  2 howler monkey skeletons
  13 adders
  2 shadow imps
  A white imp (D:7)
  An ufetubus (D:8)
  An ooze (D:3)
  An adder skeleton (D:8)
  A worm (D:3)
  A dart slug (D:5)
  5 leopard geckos
  34 orcs
  7 giant cockroaches
  10 hobgoblins
  18 jackals
  17 kobolds
  7 quokkas
  A ball python (D:3)
  9 bats
  8 frilled lizards
  4 goblins
  6 rats
234 creatures vanquished.

Vanquished Creatures (others)
  4 toadstools (D:1)
4 creatures vanquished.

Grand Total: 238 creatures vanquished

Notes
Turn   | Place    | Note
-------+----------+-------------------------------------------
     0 | D:1      | Ozzies the Minotaur Fighter began the quest for the Orb.
     0 | D:1      | Reached XP level 1. HP: 19/19 MP: 0/0
    91 | D:1      | Reached skill level 4 in Fighting
   101 | D:1      | Reached XP level 2. HP: 28/28 MP: 1/1
   707 | D:1      | Reached skill level 5 in Fighting
   803 | D:1      | Reached XP level 3. HP: 36/36 MP: 2/2
  1403 | D:2      | Reached XP level 4. HP: 33/44 MP: 3/3
  1719 | D:2      | Found a shadowy altar of Dithmenos.
  1752 | D:2      | Reached skill level 6 in Fighting
  2414 | D:3      | Reached XP level 5. HP: 50/51 MP: 4/4
  3081 | D:3      | Reached skill level 7 in Fighting
  3168 | D:3      | Reached XP level 6. HP: 60/60 MP: 5/5
  3306 | D:3      | Found a runed translucent door.
  3307 | D:3      | Noticed Crazy Yiuf
  3676 | D:3      | Killed Crazy Yiuf
  3811 | D:4      | Reached skill level 1 in Dodging
  3995 | D:4      | Found a staircase to the Ecumenical Temple.
  4002 | Temple   | Entered the Ecumenical Temple
  4167 | D:4      | Noticed Grinder
  4174 | D:4      | Paralysed by Grinder for 7 turns
  4186 | D:4      | Paralysed by Grinder for 2 turns
  4187 | D:4      | HP: 1/60 [Grinder (4)]
  4188 | D:4      | Killed Grinder
  4188 | D:4      | Reached skill level 5 in Axes
  4188 | D:4      | Reached XP level 7. HP: 1/67 MP: 6/6
  4740 | D:4      | Noticed Edmund
  4747 | D:4      | Killed Edmund
  4747 | D:4      | Reached skill level 8 in Fighting
  4966 | D:5      | Entered Level 5 of the Dungeon
  5072 | D:5      | Found a hazy altar of Hepliaklqana.
  5078 | D:5      | Found an iron altar of Okawaru.
  5107 | D:5      | Became a worshipper of Warmaster Okawaru
  5533 | D:6      | Reached XP level 8. HP: 75/75 MP: 7/7
  5616 | D:6      | Reached skill level 5 in Shields
  5616 | D:6      | Reached skill level 1 in Invocations
  5625 | D:6      | Reached skill level 5 in Armour
  5748 | D:6      | Reached * piety under Okawaru
  5925 | D:6      | Noticed Sigmund
  5932 | D:6      | Killed Sigmund
  5932 | D:6      | Reached skill level 9 in Fighting
  6636 | D:7      | Reached XP level 9. HP: 52/84 MP: 9/9
  7020 | D:8      | Found a white marble altar of Elyvilon.
  7189 | D:8      | Reached ** piety under Okawaru
  7193 | D:8      | Noticed Maurice
  7256 | D:8      | Killed Maurice
  7256 | D:8      | Reached skill level 10 in Fighting
  7360 | D:8      | Noticed a kobold demonologist
  7364 | D:8      | Reached *** piety under Okawaru
  7369 | D:8      | Noticed a sun demon
  7372 | D:8      | Noticed an ice devil
  7373 | D:8      | Killed a kobold demonologist
  7647 | D:8      | Found a glowing silver altar of Zin.
  7647 | D:8      | Found a glowing golden altar of the Shining One.
  7647 | D:8      | Found a sparkling altar of Nemelex Xobeh.
  7647 | D:8      | Found a radiant altar of Vehumet.
  7648 | D:8      | Found a broken altar of Ashenzari.
  7648 | D:8      | Found a bloodstained altar of Trog.
  7649 | D:8      | Found a shimmering altar of Xom.
  7650 | D:8      | Found a burning altar of Makhleb.
  7651 | D:8      | Found a hide-covered altar of Uskayaw.
  8144 | D:9      | Reached skill level 5 in Dodging
  8144 | D:9      | Reached XP level 10. HP: 94/94 MP: 11/11
  8363 | D:9      | Noticed Gastronok
  8369 | D:9      | Reached skill level 11 in Fighting
  8392 | D:9      | Killed Gastronok
  8392 | D:9      | Reached **** piety under Okawaru
  8392 | D:9      | Reached skill level 10 in Axes
  8889 | D:9      | Found a staircase to the Lair.
  8902 | D:9      | Found an ancient bone altar of Kikubaaqudgha.
  9146 | D:10     | Entered Level 10 of the Dungeon
  9198 | D:10     | Found the brooch of Shielding {Spirit SH+8}
  9259 | D:10     | Noticed Sonja
  9259 | D:10     | Noticed a skeletal warrior
  9259 | D:10     | Noticed a gargoyle
  9259 | D:10     | Noticed a skeletal warrior
  9264 | D:10     | Noticed a skeletal warrior
  9270 | D:10     | Noticed a skeletal warrior
  9271 | D:10     | Found a staircase to the Orcish Mines.
  9271 | D:10     | You fall into a shaft and drop 3 floors!
  9271 | D:13     | Noticed a two-headed ogre
  9273 | D:13     | Noticed Azrael
  9287 | D:13     | HP: 3/96 [hell hound/blast of flame[Azrael] (7)]
  9293 | D:13     | Killed from afar by a hell hound

Illustrated notes

Levels and vault maps discovered:
D:1:      ldierk_walled_garden_2, layout_loops_ring, minmay_misc_feat_iff,
          minivault_11, minmay_pentomino_x4
D:2:      layout_basic, lemuel_doored_altar, nrook_uturn
D:3:      layout_basic, minivault_24, uniq_crazy_yiuf_cottage
D:4:      layout_basic, minmay_temple_entry_butterflies, serial_bayou_ford_a,
          uniq_edmund, uniq_grinder
D:5:      layout_cave_pools, grunt_temple_overflow_open
D:6:      layout_basic, uniq_sigmund
D:7:      layout_rooms
D:8:      kennysheep_big_flooded_room, layout_rooms, minitemple, basic_altar,
          uniq_maurice
D:9:      minmay_angry_zag, layout_basic, kiku_gazebo_pond_becter,
          lair_entry_dummy, uniq_gastronok
D:10:     layout_irregular_city, david_orc_3, gammafunk_ghost_nasty_kobolds,
          uniq_sonja
D:13:     layout_irregular_city, ximxim_vaults_locker_room, uniq_azrael,
          uniq_rupert
Temple:   kb_corrupted_temple

Skill      XL: |  1  2  3  4  5  6  7  8  9 10 |
---------------+-------------------------------+-----
Fighting       | 4 5 6 7 8 9 10 11 | 11.5
Axes           | 3 4 5 6 7 9 10 | 10.2
Dodging        | 1 2 3 5 |  5.9
Armour         | 4 5 6 7 |  7.6
Shields        | 4 5 6 7 |  7.5
Invocations    | 2 3 4 |  4.6

Action                   |  1- 3 |  4- 6 |  7- 9 | 10-12 || total
-------------------------+-------+-------+-------+-------++-------
Melee: War axe           |    86 |    53 |       |       ||   139
       Headbutt          |    11 |    26 |    58 |    24 ||   119
       Spear             |       |    92 |       |       ||    92
       Hand axe          |       |    55 |   256 |   118 ||   429
Invok: Heroism           |       |       |       |     1 ||     1
  Use: Scroll            |       |       |    10 |     2 ||    12
Armor: Scale mail        |    46 |    50 |       |       ||    96
       Chain mail        |       |    21 |    25 |       ||    46
       Plate armour      |       |       |    65 |    35 ||   100
Dodge: Dodged            |    36 |    39 |    24 |    11 ||   110
Block: Kite shield       |    57 |   113 |    77 |       ||   247
       Reflection        |       |     2 |     7 |     6 ||    15
       Tower shield      |       |       |   119 |   126 ||   245

Table legend: (Time is in decaauts)
 A = Elapsed time spent in this place.
 B = Non-inter-level travel time spent in this place.
 C = Inter-level travel time spent in this place.
 D = Time resting spent in this place.
 E = Time spent auto-exploring this place.
 F = Levels seen in this place.
 G = Mean time per level.
                   A        B        C        D        E       F      G
               +--------+--------+--------+--------+--------+-----+--------+
         Total |   9411 |   9081 |    330 |    957 |   6656 |  12 |  784.2 |
       Dungeon |   9294 |   8980 |    314 |    957 |   6556 |  11 |  844.9 |
        Temple |    116 |    100 |     16 |      0 |    100 |   1 |  116.0 |
               +--------+--------+--------+--------+--------+-----+--------+

Top non-repeatable levels by time:
     D:1: 1406 daAuts
     D:3: 1344 daAuts
     D:8: 1175 daAuts
     D:4: 1136 daAuts
     D:2: 1049 daAuts
     D:9: 1026 daAuts
     D:6: 983 daAuts
     D:7: 574 daAuts
     D:5: 451 daAuts
    D:10: 123 daAuts
  Temple: 116 daAuts
    D:13: 21 daAuts
